 Dungeon Crawl Stone Soup version 0.30-a0-924-g0ad0bf95bc (webtiles) character file.

Game seed: 14930936834179384784

23 Axe the Sneak (level 2, 0/18 HPs)
             Began as an Octopode Hedge Wizard on Mar 23, 2023.
             Slain by an adder (4 damage)
             ... on level 2 of the Dungeon.
             The game lasted 00:03:30 (627 turns).

Axe the Sneak (Octopode Hedge Wizard)                Turns: 627, Time: 00:03:31

Health: 0/18       AC:  1    Str:  9    XL:     2   Next: 95%
Magic:  1/6        EV: 13    Int: 16    God:
Gold:   42         SH:  0    Dex: 11    Spells: 6/7 levels left

rFire   . . .      SeeInvis .    a - +0 dagger
rCold   . . .      Faith    .    (no shield)
rNeg    . . .      Spirit   .    b - +0 hat
rPois   .          Reflect  .    (no amulet)
rElec   .          Rampage  .    (no ring)
rCorr   .                        (no ring)
Will    .....                    (no ring)
Stlth   +++                      (no ring)
HPRegen 0.23/turn                (no ring)
MPRegen 0.10/turn                (no ring)
                                 (no ring)
                                 (no ring)

@: lethally poisoned (0 -> -2), very slightly contaminated
A: almost no armour, amphibious, 8 rings, camouflage 1, gelatinous body 1,
(nimble swimmer 1), tentacles
a: no special abilities


You were on level 2 of the Dungeon.
You visited 1 branch of the dungeon, and saw 2 of its levels.

You collected 42 gold pieces.

Inventory:

Hand Weapons
 a - a +0 dagger (weapon)
Armour
 b - a +0 hat (worn)
Scrolls
 d - 2 scrolls of amnesia {unknown}
 e - 2 scrolls of vulnerability {unknown}
Potions
 c - a potion of magic
 f - a potion of heal wounds {unknown}


   Skills:
 + Level 0.7 Fighting
 + Level 2.2 Dodging
 + Level 3.2 Stealth
 + Level 3.1 Spellcasting
 * Level 1.7 Conjurations
 - Level 1.0 Summonings
 - Level 1.0 Translocations


You had 6 spell levels left.
You knew the following spells:

 Your Spells              Type           Power      Damage    Failure   Level
a - Magic Dart            Conj           32%        1d4       9%          1

Your spell library contained the following spells:

 Spells                   Type           Power      Damage    Failure   Level
 Slow                     Hex            8%         N/A       19%         1
 Blink                    Tloc           10%        N/A       19%         2
 Call Imp                 Summ           5%         N/A       19%         2
 Cigotuvi's Dreadful Rot  Necr/Pois/Air  4%         N/A       28%         2
 Sublimation of Blood     Necr           2%         N/A       28%         2
 Mephitic Cloud           Conj/Pois/Air  4%         N/A       41%         3
 Confusing Touch          Hex            2%         N/A       50%         3
 Vampiric Draining        Necr           2%         2d6       50%         3
 Petrify                  Tmut/Erth      2%         N/A       88%         4
 Irradiate                Conj/Tmut      2%         3d12      98%         5


Dungeon Overview and Level Annotations

Branches:
Dungeon (2/15)

Altars:

Shops:
D:1 ((=


Innate Abilities, Weirdness & Mutations

You cannot wear most types of armour.
You are amphibious.
You can wear up to eight rings at the same time.
Your skin changes colour to match your surroundings (Stealth+).
Your rubbery body absorbs attacks. (AC +1, EV +1)
((You are camouflaged when in or above water. (Stealth+)))
You have tentacles for arms and can constrict up to eight enemies at once.


Message History

Aim: an adder (100% to hit)
The magic dart hits the adder.
The adder is lightly wounded.
The adder bites you but does no damage.
Casting: Magic Dart (safe; 9% risk of failure)
Confirm with . or Enter, or press ? or * to list all spells.
Aiming: Magic Dart (safe; 9% risk of failure)
Press: ? - help, Shift-Dir - straight line, f/p - adder
Aim: an adder (lightly wounded, 100% to hit)
The magic dart hits the adder.
The adder is moderately wounded.
The adder completely misses you.
Casting: Magic Dart (safe; 9% risk of failure)
Confirm with . or Enter, or press ? or * to list all spells.
Aiming: Magic Dart (safe; 9% risk of failure)
Press: ? - help, Shift-Dir - straight line, f/p - adder
Aim: an adder (moderately wounded, 100% to hit)
You miscast Magic Dart.
Nothing appears to happen.
The adder bites you. x2
Casting: Magic Dart (safe; 9% risk of failure)
Confirm with . or Enter, or press ? or * to list all spells.
Aiming: Magic Dart (safe; 9% risk of failure)
Press: ? - help, Shift-Dir - straight line, f/p - adder
Aim: an adder (moderately wounded, 100% to hit)
The magic dart hits the adder.
The adder is moderately wounded.
The adder bites you.
You are poisoned.
The adder poisons you!
You closely miss the adder. Your grab misses the adder.
The adder is moderately wounded.
* * * LOW HITPOINT WARNING * * *
You feel sick. The adder completely misses you.
You closely miss the adder. You grab the adder.
The adder is moderately wounded.
You constrict the adder, but do no damage.
You feel sick. The adder misses you.
You hit the adder but do no damage.
The adder is moderately wounded.
You constrict the adder.
You feel sick. The adder bites you.
You die...

##...##♣ ♣.#
<......♣.♣.##
.......♣.♣..
<......#...##
.......###..##
...###....#..♣♣♣♣
...# #.##.#♣.♣.P♣♣
##..
#.##.♣♣.P...♣♣.#
##.##.##♣......@S..#
.##.##♣P.....♣♣P##
.##...♣P.♣P..♣ #
###.♣..P♣.P.♣
#.♣♣♣.♣.PP♣ ###
♣♣.♣.♣. ♣.♣♣### #.
#.


You could see an adder.

Vanquished Creatures
  A worm (D:2)
  3 bats
  An endoplasm (D:1)
  2 hobgoblins (D:1)
  4 jackals (D:1)
  A kobold (D:1)
  2 quokkas (D:1)
  A ball python (D:1)
  A frilled lizard (D:2)
16 creatures vanquished.

Vanquished Creatures (others)
  5 demonic plants (D:1)
  A plant (D:2)
  5 withered plants (D:1)
11 creatures vanquished.

Grand Total: 27 creatures vanquished

Notes
Turn   | Place    | Note
-------+----------+-------------------------------------------
     0 | D:1      | Axe the Octopode Hedge Wizard began the quest for the Orb.
     0 | D:1      | Reached XP level 1. HP: 11/11 MP: 4/4
    16 | D:1      | Found Jugoph's Weapon Emporium.
    54 | D:1      | Found Fofosk's Weapon Boutique.
   125 | D:1      | Reached XP level 2. HP: 18/18 MP: 6/6
   258 | D:1      | Found Gemmi's Jewellery Shop.
   444 | D:1      | Found a faded altar of an unknown god.
   627 | D:2      | Slain by an adder

Illustrated notes

Levels and vault maps discovered:
D:1:      roderic_dead_forest, layout_rooms, serial_shops, shop,
          nicolae_shop_waterfront, shop, shapermc_ecumenical_altar_gd,
          minmay_misc_feat_pillars
D:2:      layout_basic, serial_forest, infiniplex_forest_clump_medium,
          infiniplex_forest_lined_2, infiniplex_forest_end_3,
          infiniplex_forest_clump_double, infiniplex_forest_clump_small,
          infiniplex_forest_straight_2, infiniplex_forest_3_way,
          infiniplex_forest_clump_small

Skill      XL: |  1  2 |
---------------+-------+-----
Stealth        | 3 |  3.2
Fighting       | |  0.7
Dodging        | |  2.2
Spellcasting   | |  3.1
Conjurations   | |  1.7
Summonings     | |  1.0
Translocations | |  1.0

Action                     || total
---------------------------++-------
  Melee: Dagger            ||    30
         Tentacles         ||     8
         Constrict         ||     8
   Cast: Magic Dart        ||     9
   Stab: Sleeping          ||     8
 Armour: Skin              ||     3
  Dodge: Dodged            ||    17

Table legend: (Time is in decaauts)
 A = Elapsed time spent in this place.
 B = Non-inter-level travel time spent in this place.
 C = Inter-level travel time spent in this place.
 D = Time resting spent in this place.
 E = Time spent auto-exploring this place.
 F = Levels seen in this place.
 G = Mean time per level.
                   A        B        C        D        E       F      G
               +--------+--------+--------+--------+--------+-----+--------+
         Total |    626 |    626 |      0 |     63 |    407 |   2 |  313.0 |
       Dungeon |    626 |    626 |      0 |     63 |    407 |   2 |  313.0 |
               +--------+--------+--------+--------+--------+-----+--------+

Top non-repeatable levels by time:
     D:1: 553 daAuts
     D:2: 73 daAuts
